 Dungeon Crawl Stone Soup version 0.26-a0-259-g1effd001a9 (webtiles) character file.

Game seed: 3671698968761266912

95629 Esekla the Blocker (level 16, -12/122 HPs)
             Began as a Formicid Abyssal Knight on July 13, 2020.
             Was the Champion of Lugonu.
             Splashed by an oklob plant's acid (16 damage)
             ... on level 3 of the Lair of Beasts on July 14, 2020.
             The game lasted 03:37:10 (25151 turns).

Esekla the Blocker (Formicid Abyssal Knight)       Turns: 25151, Time: 03:37:10

Health: -12/122    AC: 15    Str: 21    XL:     16   Next: 64%
Magic:  24/24      EV:  6    Int: 10    God:    Lugonu [******]
Gold:   2815       SH: 24    Dex: 20    Spells: 24/26 levels left

rFire    + . .     SeeInvis +   e - +5 triple sword (elec)
rCold    . . .     Faith    .   R - +0 tower shield of Gefeodang {Regen+ Int-2 SInv}
rNeg     + . .     Spirit   .   C - +7 plate armour "Jishoa Osyc" {Harm rN+ Regen+ Dex+6}
rPois    .         Reflect  +   (helmet unavailable)
rElec    +         Harm     +   M - +0 cloak
rCorr    .         Clarity  +   U - +1 pair of gloves {Dex+3}
MR       +....                  I - +0 pair of boots
Stlth    ..........             O - amulet of the Raven {Reflect rElec SH+5}
HPRegen  1.10/turn              W - +4 ring of slaying
MPRegen  0.19/turn              b - ring of wizardry

@: corroded, heavily drained, invisible
A: permanent stasis, dig shafts and tunnels, four strong arms, antennae 3,
talons 1, clarity, dopey 1, fire resistance 1
a: Dig, Shaft Self, Depart the Abyss, Bend Space, Banish, Corrupt, Enter the
Abyss, Renounce Religion


You were on level 3 of the Lair of Beasts.
You worshipped Lugonu.
Lugonu was exalted by your worship.
You were not hungry.

You visited 5 branches of the dungeon, and saw 25 of its levels.
You visited the Abyss 1 time.
You also visited: Ice Cave and Volcano.

You collected 2917 gold pieces.
You spent 102 gold pieces at shops.

Inventory:

Hand Weapons
 d - a +2 vampiric glaive
 e - a +5 triple sword of electrocution (weapon)
 h - a +5 long sword of holy wrath
 r - a +2 war axe of distortion
 s - a +4 short sword of distortion
 v - the +8 dagger of the Screaming Coward {venom, rN+}
   (You found it on level 5 of the Dungeon)

   It poisons the flesh of those it strikes.
   It protects you from negative energy.
 z - a +3 great sword of freezing
Missiles
 f - 69 poisoned darts (quivered)
 k - 6 silver boomerangs
 A - 3 javelins
Armour
 C - the +7 plate armour "Jishoa Osyc" (worn) {Harm rN+ Regen+ Dex+6}
   (You found it on level 2 of the Abyss)

   It affects your dexterity (+6).
   It protects you from negative energy.
   It increases your rate of regeneration.
   It increases damage dealt and taken.
 I - a +0 pair of boots (worn)
 J - the +0 tower shield "Qeuti" {rPois MR++ MP-9 Stlth+}
   (You found it in an ice cave)

   It protects you from poison.
   It affects your resistance to hostile enchantments.
   It affects your magic capacity (-9).
   It makes you more stealthy.
 M - a +0 cloak (worn)
 R - the +0 tower shield of Gefeodang (worn) {Regen+ Int-2 SInv}
   (You acquired it on level 2 of the Orcish Mines)

   It affects your intelligence (-2).
   It lets you see invisible.
   It increases your rate of regeneration.
 T - a scarf of invisibility
 U - a +1 pair of gloves of dexterity (worn)
Jewellery
 b - a ring of wizardry (right hand)
 u - an uncursed amulet of regeneration
 y - an uncursed ring of flight
 O - the amulet of the Raven (around neck) {Reflect rElec SH+5}
   (You acquired it on level 2 of the Orcish Mines)

   [amulet of reflection]

   It shields you and reflects attacks.
   It insulates you from electricity.
   It affects your SH (+5).
 S - an uncursed amulet of the acrobat
 W - a +4 ring of slaying (left hand)
 Y - the ring "Boliol" {Ice rElec rN+ Str+2 Int+4}
   (You acquired it on level 2 of the Orcish Mines)

   [ring of ice]

   It enhances your ice magic.
   It affects your strength (+2).
   It affects your intelligence (+4).
   It makes you vulnerable to fire.
   It protects you from cold.
   It insulates you from electricity.
   It protects you from negative energy.
 Z - an uncursed ring of fire
Wands
 p - a wand of paralysis (24)
 H - a wand of iceblast (16)
 K - a wand of polymorph (26)
 L - a wand of acid (10)
 X - a wand of flame (24)
Scrolls
 a - a scroll of silence
 g - 8 scrolls of remove curse
 l - 5 scrolls of fear
 t - 4 scrolls of enchant armour
 w - 3 scrolls of amnesia
 B - 8 scrolls of magic mapping
 F - 7 scrolls of enchant weapon
 G - 8 scrolls of fog
 Q - 5 scrolls of identify
 V - a scroll of holy word
Potions
 i - 8 potions of curing
 j - 7 potions of brilliance
 m - 3 potions of might
 n - 5 potions of heal wounds
 o - 8 potions of stabbing
 q - a potion of berserk rage
 D - 4 potions of resistance
 E - a potion of invisibility
 N - 4 potions of lignification
 P - 2 potions of flight
Miscellaneous
 x - a tin of tremorstones (3/3)
Comestibles
 c - 69 rations


   Skills:
 + Level 10.3(8.4) Fighting
 + Level 10.2(10.7) Short Blades
 * Level 12.4(11.7) Long Blades
 + Level 0.1(0.0) Polearms
 + Level 6.2(4.5) Throwing
 * Level 12.9(10.9) Armour
 + Level 2.3(0.8) Dodging
 + Level 1.5(0.0) Stealth
 + Level 14.9(12.9) Shields
 * Level 5.5(3.9) Spellcasting
 * Level 5.0(3.4) Charms
 + Level 10.8(8.9) Invocations
 + Level 1.0(0.0) Evocations


You had 24 spell levels left.
You knew the following spells:

 Your Spells              Type           Power        Failure   Level
a - Song of Slaying       Chrm           #.......     58%         2

Your spell library contained the following spells:

 Spells                   Type           Power        Failure   Level
 Infusion                 Chrm           #...         45%         1
 Shroud of Golubria       Chrm/Tloc      #.....       82%         2
 Corona                   Hex            #......      89%         1
 Foxfire                  Conj/Fire      #...         89%         1
 Freeze                   Ice            #...         89%         1
 Shock                    Conj/Air       #...         89%         1
 Corpse Rot               Necr/Air       N/A          96%         2
 Slow                     Hex            #.......     96%         2
 Ozocubu's Armour         Chrm/Ice       #.......     96%         3
 Spectral Weapon          Hex/Chrm       #.......     96%         3
 Conjure Flame            Conj/Fire      #.......     99%         3
 Frozen Ramparts          Ice            #.....       99%         3
 Inner Flame              Hex/Fire       #.......     99%         3
 Portal Projectile        Hex/Tloc       #.....       99%         3
 Stone Arrow              Conj/Erth      #.....       99%         3
 Cause Fear               Hex            #.........   100%        4
 Hailstorm                Conj/Ice       #.......     100%        4
 Leda's Liquefaction      Hex/Erth       #.........   100%        4
 Sticky Flame             Conj/Fire      #.......     100%        4
 Summon Ice Beast         Ice/Summ       #.......     100%        4
 Fireball                 Conj/Fire      #.........   100%        5
 Irradiate                Conj/Tmut      #.........   100%        5
 Summon Forest            Summ/Tloc      #.........   100%        5
 Eringya's Noxious Bog    Tmut/Pois      #.........   100%        6
 Hydra Form               Tmut           #.........   100%        6
 Statue Form              Tmut/Erth      #........    100%        6
 Dragon Form              Tmut           #.........   100%        7
 Summon Hydra             Summ           #.........   100%        7


Dungeon Overview and Level Annotations

Branches:
Dungeon (14/15)            Temple (1/1) D:5            Lair (6/6) D:10
 Shoals (0/4) Lair:3        Snake (0/4) Lair:4        Slime (0/5) Lair:5
    Orc (2/2) D:11            Elf (2/3) Orc:2        Vaults (0/5) D:13
  IceCv (visited)         Volcano (visited)

Altars:
Cheibriados
Dithmenos
Kikubaaqudgha
Nemelex Xobeh
Okawaru
Qazlal
Sif Muna
Trog
Vehumet
Yredelemnul
Beogh

Shops:
D:8 *   D:10 %   Orc:2 (}[:   Elf:1 *

Annotations:
D:5 1 runed translucent door, Crazy Yiuf
D:14 Frances
Lair:3 exclusion: 3 oklob plants
Orc:2 1 runed translucent door, HYPERHYPER's ghost, journeyman DDFi


Innate Abilities, Weirdness & Mutations

You cannot be hasted, slowed, berserked, paralysed or teleported.
You can dig through walls and to a lower floor.
Your four strong arms can wield two-handed weapons with a shield.
You have a pair of large antennae on your head. (SInv)
You have sharp toenails.
You possess an exceptional clarity of mind.
You are dopey. (Int -2)
Your flesh is heat resistant. (rF+)


Message History

The oklob plant spits acid at you. The splash of acid hits you!
The acid corrodes you!
You are splashed with acid!
The oklob plant spits acid at you.
The splash of acid hits you but does no damage.
You are splashed with acid!
The oklob plant spits acid at you. The splash of acid hits you!
The acid corrodes you!
You are splashed with acid!
The oklob plant spits acid at you. The splash of acid hits you.
You are splashed with acid!!
* * * LOW HITPOINT WARNING * * *
Okay, then.
Press: ? - help, v - describe, . - travel
Here: an oklob plant The floor.
You fade into invisibility!
The oklob plant spits acid at you. The splash of acid hits you!
* * * LOW HITPOINT WARNING * * *
The acid corrodes you!
You are splashed with acid!
You die... ######## #PPPPPP#

### ## #≈≈≈≈≈≈####
##.###.
#≈....≈#..######.##...
###......#..............
#[.......#.....###≈...##
#?.......')...###≈≈≈♣###
#[.......#....###≈P≈♣♣
##....@.#.....#♣♣≈≈≈♣♣
#≈....≈#.....♣≈≈≈♣PP♣♣
#≈≈≈≈≈≈#.....♣≈≈≈≈≈≈≈≈
#PPPPPP#....≈♣P♣≈P♣♣≈♣
########...♣♣≈P≈≈≈P≈≈♣
#.........≈♣≈♣P≈≈≈≈≈≈
##.........♣≈PP≈P≈≈♣≈♣
#P.........≈≈≈≈≈≈≈≈≈P≈
##........P≈≈≈≈≈≈≈≈≈PP


You could see 3 oklob plants.

Vanquished Creatures
  Kirke (Lair:4)
  Josephine (D:11)
  7 hydras
  2 death knights
  A catoblepas (Lair:6)
  2 dancing weapons
  An ogre mage (Orc:2)
  7 two-headed ogres
  6 death yaks (Lair:3)
  Urug (Lair:5)
  5 deep elf knights (Elf:1)
  A sun demon (Volcano)
  A deep troll (shapeshifter) (D:13)
  A wizard (D:14)
  5 deep elf archers
  A lindwurm (Orc:1)
  A necromancer (IceCv)
  7 orc knights
  25 deep elf magi
  2 orc sorcerers
  A cyclops (D:13)
  2 manticores
  3 ugly things
  3 ice statues (IceCv)
  7 elephants (Lair:5)
  4 black mambas
  A molten gargoyle (Volcano)
  7 cane toads
  3 gargoyles
  5 rime drakes
  2 freezing wraiths (D:12)
  4 ice devils (IceCv)
  6 komodo dragons
  A red devil (Volcano)
  3 trolls
  A tengu conjurer (D:12)
  4 hornets
  2 polar bears (Lair:6)
  5 blink frogs (Lair:6)
  10 hippogriffs
  2 dream sheep (Lair:6)
  2 air elementals
  Sigmund (D:3)
  13 spriggans (Lair:6)
  4 wyverns
  A water elemental (Elf:1)
  8 wraiths
  37 yaks
  2 fire bats (Volcano)
  3 vampires
  2 fire elementals (Elf:1)
  4 basilisks
  Edmund (D:5)
  An acid dragon (D:10)
  3 swamp worms (Lair:5)
  8 wargs
  3 nagas (Lair:4)
  A soldier ant (shapeshifter) (D:13)
  3 hell hounds (Volcano)
  11 water moccasins
  6 porcupines
  A floating eye (shapeshifter) (D:13)
  A hornet zombie (D:10)
  50 orc warriors
  5 sky beasts
  18 ice beasts
  6 black bears
  2 eyes of draining
  14 ogres
  3 phantoms
  5 boggarts (Lair:6)
  28 wolves
  8 crocodiles
  4 centaurs
  A big kobold (D:9)
  14 bullfrogs
  A gnoll sergeant (D:9)
  A wyvern zombie (D:7)
  An earth elemental (Elf:2)
  A water moccasin zombie (D:9)
  4 scorpions
  10 killer bees
  16 wights
  A howler monkey (D:7)
  7 electric eels
  3 lava snakes (Volcano)
  2 draconian simulacra (IceCv)
  2 quasits
  6 hounds
  A centaur skeleton (D:8)
  16 orc priests
  2 bullfrog skeletons
  2 jellies (D:11)
  40 orc wizards
  Ijyb (D:5)
  6 iguanas
  7 hell rats (Lair:5)
  12 worker ants
  3 troll simulacra (IceCv)
  4 centaur simulacra
  A hound skeleton (D:8)
  3 worker ant zombies
  18 gnolls
  18 adders
  A naga simulacrum (IceCv)
  An ogre simulacrum (IceCv)
  2 shadow imps
  3 white imps
  An ufetubus (D:10)
  An adder zombie (D:9)
  5 worms
  An adder skeleton (D:6)
  A dart slug (D:1)
  5 leopard geckos
  137 orcs
  7 giant cockroaches
  13 goblins
  10 hobgoblins
  9 jackals
  7 quokkas
  7 bats
  3 frilled lizards
  16 kobolds
  A leopard gecko skeleton (D:7)
  A leopard gecko zombie (D:5)
  A quokka skeleton (D:7)
  A quokka zombie (D:6)
  12 rats
863 creatures vanquished.

Vanquished Creatures (others)
  A deep elf mage (Elf:1)
  An ice statue (IceCv)
  2 ice devils (IceCv)
  4 humans (Lair:5)
  A wyvern (Lair:5)
  A water elemental (Elf:1)
  4 fungi
  7 plants
21 creatures vanquished.

Grand Total: 884 creatures vanquished

Notes
Turn   | Place    | Note
-------+----------+-------------------------------------------
     0 | Abyss:1  | Esekla the Formicid Abyssal Knight began the quest for the
                  | Orb.
     0 | Abyss:1  | Reached XP level 1. HP: 18/18 MP: 2/2
     4 | Abyss:1  | Found a corrupted altar of Lugonu.
    21 | Abyss:1  | Found a corrupted altar of Lugonu.
    32 | Abyss:1  | Noticed a rakshasa
   122 | Abyss:2  | Noticed a wretched star
   159 | Abyss:2  | Got a twisted plate armour
   160 | Abyss:2  | Noticed a rust devil
   163 | Abyss:2  | Noticed a thrashing horror
   164 | D:1      | Escaped the Abyss
   180 | D:1      | Identified the +7 plate armour "Jishoa Osyc" {Harm rN+
                  | Regen+ Dex+6} (You found it on level 2 of the Abyss)
   319 | D:1      | Reached XP level 2. HP: 24/24 MP: 3/3
   388 | D:1      | Reached * piety under Lugonu
   670 | D:2      | Found a shimmering blue altar of Sif Muna.
   670 | D:2      | Found a stormy altar of Qazlal.
   672 | D:2      | Found a sparkling altar of Nemelex Xobeh.
   691 | D:2      | Reached XP level 3. HP: 28/30 MP: 4/4
   814 | D:3      | Found a basalt altar of Yredelemnul.
   882 | D:4      | Reached XP level 4. HP: 36/38 MP: 5/5
   986 | D:3      | Reached XP level 5. HP: 34/43 MP: 7/7
  1256 | D:2      | Reached ** piety under Lugonu
  1358 | D:3      | Reached XP level 6. HP: 41/50 MP: 8/8
  1414 | D:3      | Noticed Sigmund
  1441 | D:3      | Killed Sigmund
  1441 | D:3      | Reached skill level 5 in Fighting
  1441 | D:3      | Reached XP level 7. HP: 52/56 MP: 9/9
  1485 | D:3      | Found an iron altar of Okawaru.
  1777 | D:2      | Found a runed translucent door.
  1777 | D:2      | Noticed a human
  1779 | D:2      | Found a basalt altar of Yredelemnul.
  2596 | D:2      | Reached *** piety under Lugonu
  2912 | D:4      | Found a snail-covered altar of Cheibriados.
  2960 | D:4      | Reached skill level 1 in Throwing
  3054 | D:4      | Reached skill level 5 in Long Blades
  3186 | D:4      | Reached XP level 8. HP: 61/62 MP: 11/11
  3492 | D:5      | Entered Level 5 of the Dungeon
  3502 | D:5      | Noticed Ijyb
  3507 | D:5      | Reached skill level 1 in Dodging
  3528 | D:5      | Killed Ijyb
  3720 | D:5      | Found an ancient bone altar of Kikubaaqudgha.
  4132 | D:5      | Reached skill level 5 in Armour
  4141 | D:5      | Got a masterwork dagger
  4445 | D:5      | Noticed Edmund
  4472 | D:5      | Killed Edmund
  4472 | D:5      | Reached skill level 5 in Invocations
  4472 | D:5      | Reached XP level 9. HP: 66/71 MP: 12/12
  4595 | D:5      | Found a bloodstained altar of Trog.
  4658 | D:5      | Found a runed translucent door.
  4659 | D:5      | Noticed Crazy Yiuf
  4699 | D:5      | Found a staircase to the Ecumenical Temple.
  4705 | Temple   | Entered the Ecumenical Temple
  5070 | D:6      | Found a runed translucent door.
  5140 | D:6      | Identified the +8 dagger of the Screaming Coward {venom,
                  | rN+} (You found it on level 5 of the Dungeon)
  5227 | D:6      | Reached skill level 1 in Short Blades
  5227 | D:6      | Reached skill level 1 in Evocations
  5240 | D:6      | Reached **** piety under Lugonu
  5316 | D:6      | Found a roughly hewn altar of Beogh.
  5590 | D:6      | Reached skill level 1 in Shields
  5952 | D:7      | Reached XP level 10. HP: 79/79 MP: 13/13
  6087 | D:7      | Reached skill level 2 in Shields
  6182 | D:7      | Reached skill level 5 in Short Blades
  6358 | D:7      | Reached ***** piety under Lugonu
  6690 | D:8      | Found Haar Kum's Assorted Antiques.
  6705 | D:8      | Bought a scroll labeled YLAEVESONOZE for 27 gold pieces
  6705 | D:8      | Bought a smoky pink potion for 24 gold pieces
  6705 | D:8      | Bought a scroll labeled BURCHY DUMEMA for 27 gold pieces
  6705 | D:8      | Bought a viscous black potion for 24 gold pieces
  6952 | D:9      | Reached skill level 3 in Shields
  7952 | D:8      | Noticed a two-headed ogre
  7969 | D:8      | You fall into a shaft and drop 1 floor!
  8252 | D:10     | Entered Level 10 of the Dungeon
  8420 | D:10     | Reached XP level 11. HP: 85/85 MP: 15/15
  8613 | D:10     | Found Esaej's Food Boutique.
  8757 | D:10     | Reached skill level 4 in Shields
  9171 | D:10     | Found a staircase to the Lair.
  9225 | Lair:1   | Entered Level 1 of the Lair of Beasts
  9384 | Lair:1   | Reached ****** piety under Lugonu
  9864 | Lair:2   | Reached skill level 5 in Shields
  9907 | Lair:2   | Reached XP level 12. HP: 85/92 MP: 18/18
 10140 | Lair:2   | Found a frozen archway.
 10206 | Lair:2   | Noticed a four-headed hydra
 10218 | Lair:2   | Killed a four-headed hydra
 10233 | Lair:2   | Identified a +4 short sword of distortion (a +2 short sword
                  | of freezing corrupted by Lugonu)
 10233 | Lair:2   | Received a gift from Lugonu
 10235 | IceCv    | Entered an ice cave
 11054 | IceCv    | Got a transparent tower shield
 11070 | IceCv    | Identified the +0 tower shield "Qeuti" {rPois MR++ MP-9
                  | Stlth+} (You found it in an ice cave)
 11341 | IceCv    | Reached skill level 6 in Shields
 11383 | IceCv    | Reached skill level 1 in Stealth
 12542 | Lair:3   | Noticed a seven-headed hydra
 12561 | Lair:3   | Killed a seven-headed hydra
 12561 | Lair:3   | Reached skill level 10 in Long Blades
 12561 | Lair:3   | Reached skill level 10 in Armour
 12604 | Lair:3   | Noticed a death yak
 12605 | Lair:3   | Noticed a death yak
 12622 | Lair:3   | Noticed a death yak
 12645 | Lair:3   | Killed a death yak
 12648 | Lair:3   | Killed a death yak
 12648 | Lair:3   | Reached XP level 13. HP: 55/99 MP: 10/19
 12749 | Lair:3   | Found a staircase to the Shoals.
 12758 | Lair:3   | Reached skill level 7 in Shields
 13368 | Lair:3   | Reached skill level 8 in Shields
 13522 | Lair:4   | Noticed a six-headed hydra
 13535 | Lair:4   | Killed a six-headed hydra
 13656 | Lair:5   | Reached skill level 9 in Shields
 13712 | Lair:5   | Noticed Urug
 13807 | Lair:5   | Noticed Kirke
 13815 | Lair:4   | Reached skill level 10 in Invocations
 13846 | Lair:4   | Killed Kirke
 13848 | Lair:4   | Reached skill level 5 in Throwing
 13923 | Lair:5   | Reached skill level 10 in Shields
 13964 | Lair:5   | Found a staircase to the Slime Pits.
 14033 | Lair:5   | Reached XP level 14. HP: 108/108 MP: 12/21
 14205 | Lair:5   | Reached skill level 11 in Shields
 14434 | Lair:5   | Found the +7 lajatang of Order {silver, rMut}
 14482 | Lair:5   | Killed Urug
 14782 | Lair:6   | Entered Level 6 of the Lair of Beasts
 14922 | Lair:5   | Identified 2 scrolls of acquirement
 15530 | Lair:6   | Reached skill level 12 in Shields
 16458 | D:11     | Found a roughly hewn altar of Beogh.
 16475 | D:11     | Found a staircase to the Orcish Mines.
 16544 | D:11     | Learned a level 2 spell: Song of Slaying
 16644 | D:11     | Noticed Josephine
 16654 | D:11     | Killed Josephine
 16925 | D:11     | Reached XP level 15. HP: 114/114 MP: 0/23
 16979 | D:11     | Got a pitted ring mail
 17033 | D:11     | Identified the +5 ring mail of the Learner {rPois rF+ SInv}
                  | (You found it on level 11 of the Dungeon)
 17214 | D:11     | Reached skill level 1 in Spellcasting
 17291 | D:11     | Reached skill level 1 in Charms
 17756 | D:12     | Reached skill level 13 in Shields
 18767 | D:13     | Found a gate to the Vaults.
 19698 | D:14     | Noticed Frances
 19760 | Orc:1    | Entered Level 1 of the Orcish Mines
 19912 | Orc:1    | Found a dark tunnel.
 19944 | Orc:1    | Gained mutation: You have a beak for a mouth. [potion of
                  | mutation]
 19944 | Orc:1    | Gained mutation: Your muscles are strong. (Str +2) [potion
                  | of mutation]
 19944 | Orc:1    | Gained mutation: You are somewhat resistant to further
                  | mutation. [potion of mutation]
 19945 | Orc:1    | Lost mutation: You are somewhat resistant to further
                  | mutation. [potion of mutation]
 19945 | Orc:1    | Lost mutation: You have a beak for a mouth. [potion of
                  | mutation]
 19945 | Orc:1    | Lost mutation: Your muscles are strong. (Str +2) [potion of
                  | mutation]
 19945 | Orc:1    | Gained mutation: You do not regenerate when monsters are
                  | visible. [potion of mutation]
 19945 | Orc:1    | Gained mutation: Your muscles are strong. (Str +2) [potion
                  | of mutation]
 19946 | Orc:1    | Lost mutation: Your muscles are strong. (Str +2) [potion of
                  | mutation]
 19946 | Orc:1    | Lost mutation: You do not regenerate when monsters are
                  | visible. [potion of mutation]
 19946 | Orc:1    | Gained mutation: You have sharp toenails. [potion of
                  | mutation]
 19946 | Orc:1    | Gained mutation: You are dopey. (Int -2) [potion of
                  | mutation]
 19946 | Orc:1    | Gained mutation: Your flesh is heat resistant. (rF+)
                  | [potion of mutation]
 19946 | Orc:1    | Gained mutation: You possess an exceptional clarity of
                  | mind. [potion of mutation]
 19982 | Volcano  | Entered a volcano
 20372 | Volcano  | Found a bloodstained altar of Trog.
 20384 | Volcano  | Reached skill level 14 in Shields
 21219 | Orc:2    | Entered Level 2 of the Orcish Mines
 21593 | Orc:2    | Found a staircase to the Elven Halls.
 21653 | Orc:2    | Found a runed translucent door.
 21655 | Orc:2    | Noticed HYPERHYPER's ghost (journeyman DDFi)
 22080 | Orc:2    | Found a roughly hewn altar of Beogh.
 22104 | Orc:2    | Reached XP level 16. HP: 122/122 MP: 15/24
 22112 | Orc:2    | Found Eroaw's Antique Weapon Emporium.
 22166 | Orc:2    | Reached skill level 10 in Fighting
 22269 | Orc:2    | Found Coetaoxt's Gadget Shop.
 22385 | Orc:2    | Found a shimmering blue altar of Sif Muna.
 22411 | Orc:2    | Identified Sif Muna's Volume of Weightlessness
 22590 | Orc:2    | Found Yra Biyv's Book Shop.
 22590 | Orc:2    | Found Himot's Antique Armour Emporium.
 22717 | Orc:2    | Acquired the amulet of the Raven {Reflect rElec SH+5}
 22734 | Orc:2    | Acquired the +0 tower shield of Gefeodang {Regen+ Int-2
                  | SInv}
 22803 | Elf:1    | Entered Level 1 of the Elven Halls
 22839 | Elf:1    | Found a radiant altar of Vehumet.
 22934 | Elf:1    | Found Cafocw's Assorted Antiques.
 22944 | Elf:1    | Reached skill level 10 in Short Blades
 22970 | Elf:1    | Reached skill level 5 in Spellcasting
 23867 | Elf:2    | Reached skill level 5 in Charms
 24035 | Elf:2    | Got a faintly glowing chain mail
 24043 | Elf:1    | Acquired the ring "Boliol" {Ice rElec rN+ Str+2 Int+4}
 24045 | Elf:1    | Acquired a +5 triple sword of electrocution
 24063 | Elf:1    | Identified the +3 chain mail of Defence {*Drain rC++ Str+4}
                  | (You found it on level 2 of the Elven Halls)
 24744 | Lair:4   | Found a staircase to the Snake Pit.
 25151 | Lair:3   | HP: 4/122 [oklob plant/splash of acid (18)]
 25151 | Lair:3   | Splashed by an oklob plant's acid

Illustrated notes

Levels and vault maps discovered:
D:1:      dpeg_arrival_morbid_curiosity, layout_basic, minmay_fountain_box,
          minmay_heptomino_d4
D:2:      minmay_thinvault, layout_loops_ring, nicolae_overflow_hidden_temple,
          dk_yredelemnul_ordeal
D:3:      layout_rooms, lemuel_crystal_altar, okawaru_gym_becter, uniq_sigmund
D:4:      layout_loops_ring, cheibriados_altar_1, st_stairs_14
D:5:      cheibrodos_two_vegetables, layout_rooms, kiku_gazebo_pond_becter,
          bloody_trog, temple_green, first_ration, due_unseen_surprise,
          uniq_crazy_yiuf_cottage, uniq_edmund, uniq_ijyb
D:6:      layout_basic, lightli_church_of_beogh
D:7:      layout_loops_cross
D:8:      layout_gridville, gammafunk_temple_overflow_wave,
          gammafunk_temple_overflow_elements, serial_shops, shop, serial_glass,
          glass_columns_b, glass_columns_c
D:9:      layout_loops_corners, minmay_misc_feat_tiny
D:10:     layout_rooms, erik_lair_dragon, serial_shops, nicolae_shop_trees
D:11:     layout_cave_pods, david_orc_5, grunt_ministairs_12, uniq_josephine
D:12:     layout_roguey
D:13:     layout_layer_cave, david_vaults_2
D:14:     layout_basic, roderic_lattice_octagonal_star,
          hangedman_pestilent_swarm, uniq_frances
Temple:   minmay_temple_curvy_loop
Lair:1:   layout_misc_corridors, minivault_27, beast_lair_carwin_11
Lair:2:   layout_layer_cave, portal_ice_cave_entry_ice_beasts,
          grunt_megastairs_1, lemuel_fruit_tree, serial_bayou_shore_b
Lair:3:   dpeg_oklob_gauntlet, layout_chaotic_city, minmay_shoals_entry_beasts,
          serial_bayou, serial_bayou_lagoon_b, serial_bayou_lagoon_a,
          serial_bayou_shore_a, serial_bayou_lake_a, serial_bayou_pond_c,
          serial_bayou_pond_c
Lair:4:   layout_gridlike, guppyfry_snake_entry_island,
          chequers_serial_rivers_marsh
Lair:5:   layout_roguey, slime_dummy, st_stairs_12, worms_lemuel, uniq_kirke,
          uniq_urug
Lair:6:   minmay_lair_end_enchanted_forest, layout_small_grid,
          chequers_serial_rivers_micro_b, serial_bayou_pond_e
Orc:1:    layout_caves, nicolae_volcano_entry_vermiform,
          statue_in_the_mist_lemuel
Orc:2:    st_orc_town, layout_diamond_mine, ebering_ghost_inner_flame,
          led_sif_book
Elf:1:    eino_elf_arrival_altar, layout_geoelf_octagon, serial_shops,
          nicolae_shop_stone, guppyfry_library_mini
Elf:2:    layout_gridlike, serial_shops, shop_statue

Skill      XL: |  1  2  3  4  5  6  7  8  9 10 11 12 13 14 15 16 |
---------------+-------------------------------------------------+-----
Fighting       | 4 5 6 7 8 9 10 | 10.3
Long Blades    | 3 4 5 6 7 9 10 11 12 | 12.4
Armour         | 3 4 5 6 8 9 10 11 12 | 12.9
Invocations    | 3 4 5 6 8 9 10 | 10.8
Throwing       | 1 2 3 4 5 6 |  6.2
Dodging        | 1 2 |  2.3
Short Blades   | 4 6 7 8 9 10 | 10.2
Evocations     | 1 |  1.0
Shields        | 1 3 5 6 10 12 14 | 14.9
Stealth        | 1 |  1.5
Spellcasting   | 4 5 |  5.5
Charms         | 3 5 |  5.0
Polearms       | |  0.1

Action                   |  1- 3 |  4- 6 |  7- 9 | 10-12 | 13-15 | 16-18 || total
-------------------------+-------+-------+-------+-------+-------+-------++-------
Melee: Falchion          |   104 |   145 |   325 |       |       |       ||   574
       Dagger            |       |       |   156 |   548 |  1454 |   263 ||  2421
       Great sword       |       |       |       |    90 |   195 |    31 ||   316
       Short sword       |       |       |       |   115 |       |       ||   115
       Trident           |       |       |       |       |    15 |       ||    15
       Triple sword      |       |       |       |       |       |     5 ||     5
       Glaive            |       |       |       |       |       |     4 ||     4
Throw: Dart              |     2 |     3 |    67 |    54 |    87 |    21 ||   234
       Boomerang         |       |       |     2 |    37 |     8 |       ||    47
       Javelin           |       |       |     1 |       |       |       ||     1
 Cast: Song of Slaying   |       |       |       |       |     6 |     7 ||    13
Invok: Depart the Abyss  |     1 |       |       |       |       |       ||     1
       Bend Space        |       |     1 |       |     2 |     1 |       ||     4
       Brand Weapon With |       |       |       |     1 |       |       ||     1
 Abil: Dig               |     4 |       |     3 |       |     1 |       ||     8
       Evoke Flight      |       |       |     1 |       |       |     1 ||     2
       Stop Flying       |       |       |     1 |       |       |       ||     1
       Shaft Self        |       |       |       |     1 |       |       ||     1
Evoke: Wand              |       |       |    13 |     2 |       |       ||    15
       Tin of tremorston |       |       |       |       |     1 |       ||     1
  Use: Scroll            |       |       |       |       |    30 |     4 ||    34
       Potion            |       |       |       |       |     3 |     1 ||     4
  Eat: Ration            |       |     1 |     4 |     5 |     8 |     3 ||    21
Armor: Plate armour      |   102 |   107 |   326 |   328 |   402 |    45 ||  1310
Dodge: Dodged            |    29 |    46 |    95 |   111 |   168 |    25 ||   474
Block: Buckler           |       |       |       |    79 |       |       ||    79
       Tower shield      |       |       |       |    38 |  1017 |   189 ||  1244
       Reflection        |       |       |       |       |       |    30 ||    30
       Rpst.: Falchion   |     6 |    10 |    28 |       |       |       ||    44
       Great sword       |       |       |       |     4 |    10 |       ||    14

Table legend:
 A = Non-vault XP
 B = Vault XP
 C = Vault XP percentage of total XP
 D = Non-vault monster count
 E = Vault monster count
 F = Vault count percentage of total count
                 A         B        C        D         E       F
            +---------+---------+-------+---------+---------+-------
      Total |   89378 |   47236 |  34.6 |     587 |     280 |  32.3
            +---------+---------+-------+---------+---------+-------
        D:1 |      21 |      15 |  41.7 |      12 |       9 |  42.9
        D:2 |     102 |      54 |  34.6 |      24 |      18 |  42.9
        D:3 |     133 |     227 |  63.1 |      23 |       1 |   4.2
        D:4 |     575 |       0 |   0.0 |      20 |       0 |   0.0
        D:5 |     500 |     585 |  53.9 |       9 |      10 |  52.6
        D:6 |     394 |     345 |  46.7 |      20 |      25 |  55.6
        D:7 |    1677 |       0 |   0.0 |      46 |       0 |   0.0
        D:8 |     390 |       0 |   0.0 |       9 |       0 |   0.0
        D:9 |    1760 |       0 |   0.0 |      47 |       0 |   0.0
       D:10 |    3702 |    1271 |  25.6 |      40 |       6 |  13.0
       D:11 |    6658 |    3029 |  31.3 |      48 |      31 |  39.2
       D:12 |    8411 |       0 |   0.0 |      53 |       0 |   0.0
       D:13 |    3696 |    1053 |  22.2 |      10 |       3 |  23.1
       D:14 |    1836 |       0 |   0.0 |       5 |       0 |   0.0
     Lair:1 |    3006 |     234 |   7.2 |      17 |       2 |  10.5
     Lair:2 |    2879 |    1064 |  27.0 |      11 |       8 |  42.1
     Lair:3 |    8069 |     909 |  10.1 |      18 |       3 |  14.3
     Lair:4 |    5803 |    2518 |  30.3 |      26 |       4 |  13.3
     Lair:5 |   11118 |    1580 |  12.4 |      38 |       5 |  11.6
     Lair:6 |    4715 |    8282 |  63.7 |      17 |      45 |  72.6
      Orc:1 |    3076 |     640 |  17.2 |      32 |       1 |   3.0
      Orc:2 |    6426 |    7734 |  54.6 |      35 |      59 |  62.8
      Elf:1 |    6700 |    9393 |  58.4 |      13 |      16 |  55.2
      Elf:2 |    7731 |       0 |   0.0 |      14 |       0 |   0.0
      IceCv |       0 |    4809 | 100.0 |       0 |      21 | 100.0
    Volcano |       0 |    3494 | 100.0 |       0 |      13 | 100.0
            +---------+---------+-------+---------+---------+-------
